AoeStats
← [SPW] dr4sch_

Arena

508334956Analyzed
4v4 RM · 12d ago on Sep 22, 2026· 16m 12s· 8 players
Game mode
Random Map
Map size
Large (8 player)
Population
200
Speed
Normal
Resources
Standard
Victory
Conquest
Starting age
Dark Age
Ending age
Imperial Age
RankedLock teamsTeams togetherTeam positionsShared explorationLock speedFull tech treeHidden civsTurbo modeCheats
Victory
Defeat
939
+13
🇧🇷 Turks · Brazil
905
+15
🇧🇷 Mongols · Brazil
896
+15
🇧🇷 Hindustanis · Brazil
896
+15
🇨🇱 Franks · Chile
921
-16
🇺🇸 Bohemians · United States
894
-15
🇩🇪 Koreans · Germany
858
-14
🇹🇷 Khitans · Türkiye
837
-13
SavageDumpling
MaxiiSopaipilla
Mr. KEK
0:42 Loom
metro86
[SPW] MARECHALVONMUNDSTOCK
6:57 Loom
9:41 Feudal Age
12:17 Man-at-Arms
13:04 Gold Mining
15:30 Forging
15:21 Scale Mail Armor
16:14 Double-Bit Axe
[SPW] dr4sch_
15:27 Feudal Age
[SPW] Felino do Povão
14:32 Feudal Age
[SPW] IronCrab
8:40 Loom
10:30 Feudal Age
13:55 Wheelbarrow
13:53 Loom
14:49 Wheelbarrow
18:00 Castle Age
16:07 Double-Bit Axe
Connection lost

Rejoining the realm…

Still unreachable

The connection could not be restored.

Session expired

The server has moved on; the page needs a fresh start.